 Dungeon Crawl Stone Soup version 0.30-a0-881-g1ff12e1e11 (webtiles) character file.

Game seed: 3759180649128880702

1075 hikkokomori the Ruffian (level 8, -5/108 (118) HPs)
             Began as a Troll Berserker on Mar 15, 2023.
             Was a Priest of Trog.
             Slain by a wight
             ... wielding a +0 hand axe
              (11 damage)
             ... on level 7 of the Dungeon.
             The game lasted 00:06:34 (4208 turns).

hikkokomori the Ruffian (Troll Berserker)           Turns: 4208, Time: 00:06:34

HP:   -5/108 (118)  AC:  5    Str: 28    XL:     8   Next: 8%
MP:   7/7           EV: 10    Int:  3    God:    Trog [***...]
Gold: 209           SH:  0    Dex:  9    Spells: 7/7 levels left

rFire   . . .      SeeInvis .      - Unarmed
rCold   . . .      Faith    .    (no shield)
rNeg    . . .      Spirit   .    a - +0 animal skin
rPois   .          Reflect  .    z - +0 hat
rElec   .          Rampage  .    D - +0 cloak
rCorr   .                        (gloves unavailable)
Will    .....                    (boots unavailable) Stlth
                                 C - amulet of regeneration
HPRegen 1.98/turn                (no ring)
MPRegen 0.10/turn                (no ring)

@: berserking (expiring), drained, very quick
A: large, unfitting armour, claws 3, regeneration 1, shaggy fur 1, tough skin 1
a: Renounce Religion, Berserk, Trog's Hand


You were on level 7 of the Dungeon.
You worshipped Trog.
Trog was most pleased with you.
You visited 1 branch of the dungeon, and saw 7 of its levels.

You collected 209 gold pieces.

Inventory:

Missiles
 c - 44 stones (quivered)
 f - 3 javelins
 q - a throwing net
 B - 12 poisoned darts
Armour
 a - a +0 animal skin (worn)
 d - a +0 pair of gloves
 z - a +0 hat (worn)
 D - a +0 cloak (worn)
Jewellery
 y - an amulet of magic regeneration
 C - an amulet of regeneration (around neck)
Wands
 s - a wand of flame (42)
 v - a wand of polymorph (19)
Scrolls
 e - 2 scrolls of identify {unknown}
 h - a scroll of magic mapping {unknown}
 i - 2 scrolls of amnesia {unknown}
 j - a scroll of noise {unknown}
 m - 5 scrolls of poison
 p - a scroll of butterflies {unknown}
 w - a scroll of immolation {unknown}
 x - a scroll of enchant armour {unknown}
 A - a scroll of enchant weapon {unknown}
Potions
 b - 2 potions of heal wounds {unknown}
 g - 5 potions of curing {unknown}
 k - 2 potions of mutation {unknown}
 l - a potion of lignification {unknown}
 n - a potion of degeneration {unknown}
 o - a potion of haste {unknown}
 r - a potion of attraction {unknown}
 t - a potion of resistance {unknown}
 u - a potion of might {unknown}


   Skills:
 + Level 4.3 Fighting
 + Level 3.4 Throwing
 + Level 4.2 Dodging
 + Level 2.4 Stealth
 + Level 5.2 Unarmed Combat


You had 7 spell levels left.
You didn't know any spells.
Your spell library was empty.

Dungeon Overview and Level Annotations

Branches:
Dungeon (7/15)             Temple (0/1) D:6

Altars:
Dithmenos


Innate Abilities, Weirdness & Mutations

You are too large for most types of armour.
You have claws for hands.
Your natural rate of healing is unusually fast.
You are covered in fur. (AC +1)
You have tough skin. (AC +1)


Message History

Press: ? - help, v - describe, . - travel, g - get item
Here: a wight, wielding a +0 dagger and wearing a +0 robe
Items here: a +0 great sword; a +0 robe.
The floor.
Unknown command.
You claw the wight!
The wight is heavily damaged.
You barely miss the wight.
The wight is heavily damaged.
The wight hits you with a +0 dagger.
* * * LOW HITPOINT WARNING * * *
You claw the wight!
You destroy the wight!
Trog accepts your kill.
You have reached level 8!
You claw the wight!
The wight is heavily damaged.
The wight hits you with a +3 scimitar.
* * * LOW HITPOINT WARNING * * *
You feel drained.
* * * LOW HITPOINT WARNING * * *
You mangle the wight!!
You destroy the wight!
Trog accepts your kill.
Unknown command.
You barely miss the wight. You closely miss the wight.
The wight hits you with a +0 hand axe.
* * * LOW HITPOINT WARNING * * *
You claw the wight!
The wight is almost destroyed.
You barely miss the wight.
The wight is almost destroyed.
The wight hits you with a +0 hand axe.
* * * LOW HITPOINT WARNING * * *
You feel drained.
* * * LOW HITPOINT WARNING * * *
You barely miss the wight.
The wight is almost destroyed.
The wight hits you with a +0 hand axe!
You die...

#..............##..
#....<..........##.
#....##..##........
#....##..##......#
#....#.........#
#....#.........#
#....##........# .
.##....##........#
.#
....>..@zz.......#
..#
.......##'###....#
...# .......#
.##.z..##....#
.##....
..:...........#
#....
#..............#
......
...##....##....#
....... ... #....#
..... ....... ..
......# ....
.......# ....


You could see 2 wights.

Vanquished Creatures
  Edmund (D:5)
  A sky beast (D:6)
  A centaur (D:6)
  A kobold brigand (D:6)
  2 scorpions
  3 wights (D:7)
  2 orc priests (D:3)
  4 hounds
  A jelly (D:5)
  An iguana (D:5)
  Terence (D:3)
  9 adders
  2 worms
  14 orcs
  6 bats
  5 endoplasms
  5 giant cockroaches
  4 goblins
  8 hobgoblins
  5 jackals (D:1)
  5 quokkas
  7 ball pythons
  2 frilled lizards (D:3)
  10 kobolds
  A rat (D:2)
101 creatures vanquished.

Notes
Turn   | Place    | Note
-------+----------+-------------------------------------------
     0 | D:1      | hikkokomori the Troll Berserker began the quest for the
                  | Orb.
     0 | D:1      | Reached XP level 1. HP: 22/22 MP: 0/0
    81 | D:1      | Reached XP level 2. HP: 29/29 MP: 1/1
   317 | D:1      | Reached ** piety under Trog
   689 | D:1      | Reached XP level 3. HP: 33/36 MP: 2/2
  1504 | D:3      | Reached XP level 4. HP: 44/44 MP: 3/3
  1566 | D:3      | Reached *** piety under Trog
  1575 | D:3      | Reached skill level 1 in Throwing
  1575 | D:3      | Reached skill level 1 in Stealth
  1604 | D:3      | Noticed Terence
  1614 | D:3      | Killed Terence
  1615 | D:3      | Reached XP level 5. HP: 52/53 MP: 4/4
  2455 | D:4      | Reached skill level 4 in Unarmed Combat
  2820 | D:5      | Entered Level 5 of the Dungeon
  2830 | D:5      | Reached XP level 6. HP: 52/61 MP: 5/5
  3063 | D:5      | Noticed Edmund
  3085 | D:5      | Killed Edmund
  3086 | D:5      | Reached XP level 7. HP: 68/68 MP: 6/6
  3651 | D:6      | Reached skill level 5 in Unarmed Combat
  3702 | D:6      | Found a staircase to the Ecumenical Temple.
  4168 | D:7      | Found a shadowy altar of Dithmenos.
  4200 | D:7      | Reached XP level 8. HP: 11/72 MP: 7/7
  4207 | D:7      | HP: 5/108 [wight/+0 hand axe (1)]
  4208 | D:7      | Slain by a wight

Illustrated notes

Levels and vault maps discovered:
D:1:      dpeg_arrival_oval, layout_loops_ring, chequers_mini_garden
D:2:      layout_basic, grunt_decor_resistance
D:3:      minmay_evil_eye, layout_rooms, uniq_terence
D:4:      layout_loops_cross, serial_bayou, serial_bayou_lagoon_b,
          serial_bayou_crossing, serial_bayou_shore_b, serial_bayou_lake_a
D:5:      layout_cave_pools, lemuel_flamethrower_2, uniq_edmund
D:6:      layout_loops_ring, nicolae_overflow_hidden_temple,
          minmay_temple_entry_tees
D:7:      layout_gridville, nicolae_dithmenos_through_a_glass_darkly

Skill      XL: |  1  2  3  4  5  6  7 |
---------------+----------------------+-----
Fighting       | 3 4 |  4.3
Throwing       | 1 2 3 |  3.4
Dodging        | 3 4 |  4.2
Stealth        | 1 2 |  2.4
Unarmed Combat | 4 5 |  5.2

Action                     |  1- 3 |  4- 6 |  7- 9 || total
---------------------------+-------+-------+-------++-------
  Melee: Unarmed           |   127 |   137 |    66 ||   330
         Punch             |     2 |     2 |       ||     4
  Throw: Javelin           |       |       |     2 ||     2
 Invoke: Berserk           |       |     1 |     2 ||     3
    Use: Scroll            |       |       |     1 ||     1
   Stab: Sleeping          |     2 |     2 |       ||     4
 Armour: Animal skin       |    53 |    24 |    18 ||    95
  Dodge: Dodged            |    91 |    62 |    18 ||   171

Table legend: (Time is in decaauts)
 A = Elapsed time spent in this place.
 B = Non-inter-level travel time spent in this place.
 C = Inter-level travel time spent in this place.
 D = Time resting spent in this place.
 E = Time spent auto-exploring this place.
 F = Levels seen in this place.
 G = Mean time per level.
                   A        B        C        D        E       F      G
               +--------+--------+--------+--------+--------+-----+--------+
         Total |   4194 |   4056 |    138 |    158 |   3087 |   7 |  599.1 |
       Dungeon |   4194 |   4056 |    138 |    158 |   3087 |   7 |  599.1 |
               +--------+--------+--------+--------+--------+-----+--------+

Top non-repeatable levels by time:
     D:4: 824 daAuts
     D:2: 731 daAuts
     D:1: 730 daAuts
     D:6: 702 daAuts
     D:5: 631 daAuts
     D:3: 520 daAuts
     D:7: 53 daAuts
